 Dungeon Crawl Stone Soup version 0.28-a0-1518-gbe868bca14 (webtiles) character file.

Game seed: 9532021817659338340

29 knot the Chopper (level 3, 21/43 HPs)
             Began as a Demonspawn Berserker on Jan 17, 2022.
             Was a Follower of Trog.
             Quit the game on level 2 of the Dungeon.
             The game lasted 00:00:39 (785 turns).

knot the Chopper (Demonspawn Berserker)              Turns: 785, Time: 00:00:40

Health: 21/43      AC:  5    Str: 17    XL:     3   Next: 1%
Magic:  3/3        EV: 12    Int: 10    God:    Trog [*.....]
Gold:   9          SH:  0    Dex: 12    Spells: 2/2 levels left

rFire   . . .      SeeInvis .   a - +0 hand axe
rCold   . . .      Faith    .   (no shield)
rNeg    . . .      Spirit   .   b - +0 animal skin
rPois   .          Reflect  .   (no helmet)
rElec   .          Harm     .   (no cloak)
rCorr   .          Rampage  .   (no gloves)
Will    .....                   d - +0 pair of boots
Stlth   ..........              (no amulet)
HPRegen 0.14/turn               (no ring)
MPRegen 0.08/turn               (no ring)

@: berserking, very quick
A: claws 1, molten scales 1
a: Renounce Religion, Berserk


You were on level 2 of the Dungeon.
You worshipped Trog.
Trog was aware of your devotion.
You visited 1 branch of the dungeon, and saw 2 of its levels.

You collected 9 gold pieces.

Inventory:

Hand Weapons
 a - a +0 hand axe (weapon)
Missiles
 g - 39 stones (quivered)
Armour
 b - a +0 animal skin (worn)
 d - a +0 pair of boots (worn)
Scrolls
 i - a scroll of magic mapping {unknown}
 k - 2 scrolls of identify {unknown}
Potions
 c - a potion of resistance {unknown}
 e - a potion of heal wounds {unknown}
 f - a potion of invisibility {unknown}
 h - a potion of magic {unknown}
 j - a potion of degeneration {unknown}
 l - a potion of brilliance {unknown}


   Skills:
 - Level 3.0 Fighting
 + Level 3.8 Axes
 - Level 1.7 Armour
 - Level 1.7 Dodging


You had 2 spell levels left.
You didn't know any spells.
Your spell library was empty.

Dungeon Overview and Level Annotations

Branches:
Dungeon (2/15)

Altars:


Innate Abilities, Weirdness & Mutations

You have sharp fingernails.
You are partially covered in molten scales. (AC +2)


Message History

Found a stone staircase leading down.
k - 2 scrolls labelled GIRHURGH WISKYU (gained 1)
You see here an adder corpse.
As you open the door, it creaks loudly!
A hobgoblin and a kobold come into view.
The kobold shouts!
The hobgoblin shouts!
You hear an angry hiss.
There are monsters nearby!
You hit the kobold but do no damage.
The kobold hits you with a +0 short sword.
An endoplasm comes into view.
You barely miss the kobold. The kobold hits you but does no damage.
You barely miss the kobold.
The kobold hits you with a +0 short sword.
A rat comes into view.
The kobold closely misses you.
You hit the kobold but do no damage.
The kobold hits you with a +0 short sword.
You closely miss the kobold.
The kobold hits you with a +0 short sword.
You hit the kobold.
The kobold is moderately wounded.
The kobold barely misses you.
You miss the kobold.
The kobold is moderately wounded.
The kobold barely misses you.
A red film seems to cover your vision as you go berserk!
You feel yourself moving faster!
You feel mighty!
The kobold hits you with a +0 short sword.
You hit the kobold.
You kill the kobold!
Trog accepts your kill.
You slash the hobgoblin!
You kill the hobgoblin!
Trog accepts your kill.
You have reached level 3!
Your experience leads to an increase in your attributes!
Increase (S)trength, (I)ntelligence, or (D)exterity?
You feel clever. x2; Your demonic ancestry asserts itself...
Molten scales grow over part of your body.
Are you sure you want to abandon this character and quit the game? (Confirm with "yes".) ..#### ..... .... ...#### ..... rJ.

#######)##
##...##.@.#
#>.♣.†..♣.+
##...##...#
#######.##
##.## #...#
#.♣.# #...#
##<##


You could see an endoplasm and a rat.

Vanquished Creatures
  An adder (D:2)
  3 ball pythons (D:1)
  2 giant cockroaches (D:1)
  2 hobgoblins
  A quokka (D:1)
  6 bats (D:1)
  A frilled lizard (D:1)
  2 kobolds
  A rat (D:1)
19 creatures vanquished.

Notes
Turn   | Place    | Note
-------+----------+-------------------------------------------
     0 | D:1      | knot the Demonspawn Berserker began the quest for the Orb.
     0 | D:1      | Reached XP level 1. HP: 18/18 MP: 1/1
   231 | D:1      | Gained mutation: You have sharp fingernails. [demonic
                  | ancestry]
   231 | D:1      | Reached XP level 2. HP: 24/24 MP: 2/2
   785 | D:2      | Gained mutation: You are partially covered in molten
                  | scales. (AC +2) [demonic ancestry]
   785 | D:2      | Reached XP level 3. HP: 21/29 MP: 3/3
   785 | D:2      | Quit the game

Illustrated notes

Levels and vault maps discovered:
D:1:      grunt_arrival_lava_bath, layout_rooms, minmay_domino_2
D:2:      layout_rooms, basic_altar, grunt_ministairs_5

Skill      XL: |  1 |
---------------+----+-----
Axes           | 3 |  3.8
Fighting       | |  3.0
Armour         | |  1.7
Dodging        | |  1.7

Action                   || total
-------------------------++-------
Melee: Hand axe          ||    79
Invok: Berserk           ||     1
Armor: Animal skin       ||    29
Dodge: Dodged            ||    67

Table legend: (Time is in decaauts)
 A = Elapsed time spent in this place.
 B = Non-inter-level travel time spent in this place.
 C = Inter-level travel time spent in this place.
 D = Time resting spent in this place.
 E = Time spent auto-exploring this place.
 F = Levels seen in this place.
 G = Mean time per level.
                   A        B        C        D        E       F      G
               +--------+--------+--------+--------+--------+-----+--------+
         Total |    795 |    769 |     26 |      0 |    608 |   2 |  397.5 |
       Dungeon |    795 |    769 |     26 |      0 |    608 |   2 |  397.5 |
               +--------+--------+--------+--------+--------+-----+--------+

Top non-repeatable levels by time:
     D:1: 699 daAuts
     D:2: 95 daAuts
